AoeStats
← DungaChapado

Arena

510008854Analyzed
4v4 RM · 3d ago on Sep 29, 2026· 45m 46s· 8 players
Game mode
Random Map
Map size
Large (8 player)
Population
200
Speed
Normal
Resources
Standard
Victory
Conquest
Starting age
Dark Age
Ending age
Imperial Age
RankedLock teamsTeams togetherTeam positionsShared explorationLock speedFull tech treeHidden civsTurbo modeCheats
Victory
Defeat
🇺🇸 Saxons · United States
1150
+13
🇺🇸 Byzantines · United States
1078
+16
🇧🇷 Spanish · Brazil
1054
+17
🇪🇸 Khmer · Spain
1003
+19
🇧🇷 Saracens · Brazil
1167
-19
🇧🇷 Romans · Brazil
1088
-17
🇧🇷 Byzantines · Brazil
1074
-16
🇧🇷 Spanish · Brazil
985
-13
MrSoider
10:03 Feudal Age
15:06 Castle Age
13:18 Double-Bit Axe
14:24 Gold Mining
16:44 Bow Saw
16:15 Horse Collar
17:16 Fervor
17:37 Loom
19:15 Heavy Plow
19:59 Sanctity
22:42 Wheelbarrow
27:56 Imperial Age
26:00 Fortified Wall
26:12 Ballistics
26:11 Forging
26:39 Inquisition
27:00 Hand Cart
27:03 Murder Holes
28:01 Scale Barding Armor
27:48 Fletching
28:11 Masonry
27:52 Town Watch
28:37 Redemption
29:05 Conscription
29:19 Illumination
29:04 Husbandry
29:15 Bloodlines
28:54 Cavalier
30:22 Iron Casting
31:30 Chain Barding Armor
32:11 Blast Furnace
31:56 Theocracy
31:49 Block Printing
34:14 Chemistry
33:45 Architecture
34:04 Plate Barding Armor
35:28 Bodkin Arrow
35:10 Paladin
45:10 Town Patrol
Preft
2:33 Loom
12:16 Feudal Age
12:45 Horse Collar
12:54 Double-Bit Axe
17:15 Castle Age
15:09 Gold Mining
16:19 Stone Mining
18:26 Bow Saw
18:20 Heavy Plow
28:24 Gold Shaft Mining
30:53 Imperial Age
30:16 Stone Shaft Mining
29:32 Pikeman
30:12 Squires
30:53 Wheelbarrow
31:12 Halberdier
31:57 Scale Mail Armor
32:07 Forging
31:48 Fletching
31:59 Padded Archer Armor
33:23 Hand Cart
34:15 Chemistry
34:14 Iron Casting
33:54 Chain Mail Armor
34:27 Bodkin Arrow
34:08 Elite Skirmisher
36:37 Conscription
36:49 Leather Archer Armor
37:41 Two-Man Saw
37:13 Crop Rotation
38:31 Bracer
39:02 Ring Archer Armor
39:02 Plate Mail Armor
metalkannon
9:43 Feudal Age
10:17 Double-Bit Axe
11:15 Wheelbarrow
10:46 Horse Collar
17:28 Castle Age
16:09 Stone Mining
18:22 Bow Saw
18:30 Heavy Plow
19:31 Hand Cart
20:45 Stone Shaft Mining
20:36 Loom
21:46 Gold Mining
23:24 Gold Shaft Mining
24:33 Town Watch
29:59 Imperial Age
29:39 Murder Holes
29:56 Fortified Wall
30:34 Scale Barding Armor
30:40 Forging
31:15 Crop Rotation
30:56 Double Crossbow
32:01 Chemistry
32:15 Ballistics
31:42 Elite Ballista Elephant
33:33 Chain Barding Armor
34:39 Siege Engineers
36:22 Plate Barding Armor
36:23 Iron Casting
36:01 Masonry
36:02 Caravan
41:36 Husbandry
41:46 Bloodlines
40:57 Light Cavalry
42:11 Conscription
Cthpoolu
10:54 Feudal Age
14:54 Castle Age
12:51 Double-Bit Axe
12:47 Horse Collar
14:22 Gold Mining
16:30 Bow Saw
16:26 Heavy Plow
17:16 Loom
21:38 Wheelbarrow
21:27 Stone Mining
23:51 Hand Cart
29:56 Imperial Age
27:45 Scale Mail Armor
28:31 Squires
28:17 Arson
28:57 Chain Mail Armor
28:34 Fletching
28:54 Forging
28:21 Man-at-Arms
28:47 Gambesons
29:16 Bodkin Arrow
29:48 Padded Archer Armor
29:11 Pikeman
29:52 Town Watch
30:54 Iron Casting
31:09 Plate Mail Armor
30:48 Halberdier
31:46 Leather Archer Armor
30:58 Crossbowman
32:58 Bracer
33:28 Ring Archer Armor
33:20 Ballistics
32:58 Arbalester
33:43 Thumb Ring
33:35 Elite Varangian Guard
35:18 Chemistry
34:35 Shield Wall
36:12 Scale Barding Armor
35:42 Elite Hearth Troop
36:43 Conscription
36:54 Elite Skirmisher
38:04 Long Swordsman
38:59 Siege Engineers
39:04 Masonry
38:50 Murder Holes
39:09 Two-Handed Swordsman
40:12 Champion
41:08 Onager
42:26 Capped Ram
44:17 Siege Ram
45:49 Chain Barding Armor
46:01 Architecture
45:12 Treadmill Crane
45:43 Fortified Wall
45:23 Heated Shot
Fiaboi_
11:52 Feudal Age
12:33 Double-Bit Axe
12:46 Horse Collar
15:20 Castle Age
16:30 Bow Saw
25:35 Imperial Age
24:17 Gold Mining
24:22 Loom
25:16 Wheelbarrow
24:51 Heavy Plow
26:23 Gold Shaft Mining
26:00 Forging
25:55 Scale Barding Armor
27:43 Two-Man Saw
26:59 Stone Mining
27:46 Hand Cart
27:59 Chain Barding Armor
28:14 Iron Casting
27:54 Town Watch
30:12 Plate Barding Armor
30:02 Town Patrol
30:18 Masonry
31:12 Blast Furnace
30:50 Conscription
30:20 Elite Mameluke
31:56 Bloodlines
31:47 Husbandry
31:34 Light Cavalry
32:39 Hussar
35:08 Ballistics
36:06 Masonry
36:09 Fortified Wall
39:15 Onager
42:33 Chemistry
Chéio
10:39 Feudal Age
14:40 Castle Age
12:48 Double-Bit Axe
13:55 Horse Collar
22:25 Bow Saw
22:25 Heavy Plow
29:16 Gold Mining
29:24 Stone Mining
32:16 Gold Shaft Mining
32:19 Stone Shaft Mining
34:19 Imperial Age
32:47 Wheelbarrow
31:58 Loom
33:41 Thumb Ring
33:55 Fletching
34:06 Padded Archer Armor
34:17 Forging
34:07 Scale Mail Armor
33:34 Elite Skirmisher
34:33 Bodkin Arrow
35:22 Hand Cart
36:01 Arson
36:17 Squires
36:02 Gambesons
36:07 Arson
36:22 Squires
36:08 Gambesons
35:43 Man-at-Arms
36:16 Pikeman
38:18 Long Swordsman
39:21 Two-Handed Swordsman
Sepulkiller
11:04 Feudal Age
14:45 Castle Age
13:56 Double-Bit Axe
14:38 Horse Collar
25:02 Wheelbarrow
24:30 Heavy Plow
24:44 Bow Saw
29:16 Imperial Age
28:33 Hand Cart
28:39 Loom
29:41 Town Watch
30:12 Forging
30:02 Scale Mail Armor
30:08 Scale Barding Armor
29:54 Fletching
30:05 Padded Archer Armor
32:28 Iron Casting
32:08 Chain Mail Armor
31:20 Cavalier
33:08 Two-Man Saw
32:27 Husbandry
32:38 Bloodlines
33:15 Town Patrol
33:23 Gold Mining
35:03 Conscription
36:46 Blast Furnace
36:16 Plate Mail Armor
36:07 Chain Barding Armor
36:03 Fortified Wall
36:53 Chemistry
35:52 Murder Holes
36:22 Paladin
DungaChapado
10:07 Feudal Age
12:24 Man-at-Arms
15:54 Castle Age
13:53 Man-at-Arms
19:05 Double-Bit Axe
22:08 Horse Collar
22:49 Bow Saw
24:30 Wheelbarrow
24:02 Heavy Plow
24:41 Gold Mining
25:51 Scale Mail Armor
26:40 Stone Mining
28:57 Gold Shaft Mining
32:44 Imperial Age
32:06 Fortified Wall
32:23 Long Swordsman
33:34 Hand Cart
33:37 Squires
33:24 Heavy Scorpion
35:07 Ballistas
35:07 Devotion
34:55 Town Watch
36:30 Capped Ram
36:52 Pikeman
37:54 Forging
38:00 Chain Mail Armor
39:36 Halberdier
47:15 Chemistry
Connection lost

Rejoining the realm…

Still unreachable

The connection could not be restored.

Session expired

The server has moved on; the page needs a fresh start.